 Dungeon Crawl Stone Soup version 0.32-a0-128-g77eb882913 (webtiles) character file.

Game seed: 2148572836407248377

176 jasper the Magician (level 5, 7/45 HPs)
             Began as a Deep Elf Hedge Wizard on Feb 7, 2024.
             Quit the game on level 4 of the Dungeon.
             The game lasted 00:08:29 (3585 turns).

jasper the Magician (Deep Elf Hedge Wizard)         Turns: 3585, Time: 00:08:29

Health: 7/45       AC: 22    Str:  7    XL:     5   Next: 30%
Magic:  2/14       EV:  2    Int: 21    God:
Gold:   64         SH:  0    Dex: 14    Spells: 4/14 levels left

rFire   . . .        (no weapon)
rCold   . . .        (no shield)
rNeg    . . .        b - melded +0 robe
rPois   +            c - melded +0 hat
rElec   .            (cloak currently unavailable)
rCorr   .            l - melded +2 pair of gloves
SInv    .            s - melded +2 pair of boots
Will    +....        (no amulet)
Stlth   ++           (no ring)
HPRegen 0.27/turn    (no ring)
MPRegen 0.14/turn

%: no passive effects
@: seriously poisoned (7 -> 1), tree-form, slowed, very slow
A: stationary, stasis, torment immunity, boosted hp, (hooves 1), strong-willed
1, (cold vulnerability 1)
a: no special abilities


You were on level 4 of the Dungeon.
You were a tree.
You visited 1 branch of the dungeon, and saw 4 of its levels.

You collected 149 gold pieces.
You spent 85 gold pieces at shops.

Inventory:

Hand Weapons
 a - a +0 dagger
 o - a +0 trident of freezing
Missiles
 d - 10 poisoned darts
 e - 3 javelins
Armour
 b - a +0 robe (melded)
 c - a +0 hat (melded)
 l - a +2 pair of gloves (melded)
 s - a +2 pair of boots (melded)
Magical Staves
 i - a staff of cold
Scrolls
 p - 2 scrolls of enchant armour
Potions
 f - 3 potions of heal wounds
 j - a potion of lignification
 k - a potion of degeneration {unknown}


   Skills:
 + Level 2.1 Fighting
 - Level 2.9 Dodging
 - Level 2.4 Stealth
 - Level 5.3 Spellcasting
 * Level 3.8 Conjurations
 - Level 1.1 Summonings
 - Level 1.1 Translocations


You had 4 spell levels left.
You knew the following spells:

 Your Spells              Type           Power      Damage    Failure   Level
a - Magic Dart            Conj           84%        1d7       2%          1
b - Blink                 Tloc           20%        N/A       10%         2
c - Call Imp              Summ           20%        N/A       10%         2
d - Cigotuvi's Dreadful   Necr/Alch/Air  10%        N/A       16%         2
e - Mephitic Cloud        Conj/Alch/Air  10%        N/A       19%         3

Your spell library contained the following spells:

 Spells                   Type           Power      Damage    Failure   Level
 Slow                     Hex            20%        N/A       11%         1
 Summon Ice Beast         Ice/Summ       7%         N/A       26%         3
 Ozocubu's Armour         Ice            5%         N/A       32%         3


Dungeon Overview and Level Annotations

Branches:
Dungeon (4/15)
 Temple: D:4-7

Altars:
Hepliaklqana
Kikubaaqudgha
Ru

Shops:
D:1 =   D:2 ([:[*   D:3 *


Innate Abilities, Weirdness & Mutations

You are a tree.
Your roots penetrate the ground, keeping you stationary.
You cannot be teleported.
You are immune to unholy pain and torment.
Your maximum health is greatly increased.
Your equipment is partially melded.
((You have large cloven feet.))
You are strong-willed. (Will+)
((You are vulnerable to cold. (rC-)))


Message History

You are now empty-handed.
The hornet stings you.
You take 3 damage, and have 42/45 hp.
You barely miss the hornet.
The hornet stings you but does no damage.
The goblin hits you but does no damage.
The orc priest hits you but does no damage.
You barely miss the hornet.
The hornet stings you but does no damage.
The goblin hits you but does no damage.
The orc priest hits you but does no damage.
The hornet stings you but does no damage.
You hit the hornet.
The hornet is lightly wounded.
The hornet stings you but does no damage.
The goblin hits you but does no damage.
The orc priest hits you with a +1 whip of freezing.
The orc priest freezes you.
You take 5 damage, and have 38/45 hp.
You closely miss the hornet.
The hornet is lightly wounded.
The hornet stings you!
You are poisoned.
You feel yourself slow down. The goblin hits you but does no damage.
The orc priest hits you with a +1 whip of freezing.
The orc priest freezes you. The hornet stings you!
You take 19 damage, and have 19/45 hp.
MASSIVE DAMAGE!!
You barely miss the hornet.
The hornet is lightly wounded.
You feel yourself speed up.
You feel very sick. The hornet barely misses you.
The goblin hits you but does no damage.
The orc priest hits you but does no damage.
The hornet stings you!
* * * LOW HITPOINT WARNING * * *
You feel yourself slow down.
The orc priest hits you but does no damage.
The goblin hits you but does no damage.
Your magical contamination has completely faded away.
You take 12 damage, and have 7/45 hp.
MASSIVE DAMAGE!!
Are you sure you want to abandon this character and quit the game? (Confirm with "yes".)

## :# # #. #. .# .#. #. .###..
#. .. .#..## #. ##.###..S.
########. ......J#l# .........
#....Boy# #######.. ..##.####g♣#
#.. # #. ... #..# #.. #.#.
#.###..# #.. #.#.
#...#..##############..
...#####...................#
#...#....#.###### #######.#
#...#.##............[......
######.....###.##############..#
........#### #.# #..#


You could see a hornet, a bombardier beetle, an iguana, an orc priest, an adder
(confused), an endoplasm and a goblin.

Vanquished Creatures
  An orc wizard (D:4)
  6 adders
  2 ribbon worms (D:3)
  A dart slug (D:4)
  An orc (D:4)
  7 ball pythons
  7 endoplasms
  A giant cockroach (D:3)
  2 goblins (D:2)
  9 hobgoblins
  5 jackals
  A quokka (D:2)
  2 bats
  A frilled lizard (D:3)
  8 kobolds
  3 rats
57 creatures vanquished.

Vanquished Creatures (collateral kills)
  Natasha (D:4)
  3 jackals (D:3)
  A ball python (D:4)
5 creatures vanquished.

Grand Total: 62 creatures vanquished

Notes
Turn   | Place    | Note
-------+----------+-------------------------------------------
     0 | D:1      | jasper the Deep Elf Hedge Wizard began the quest for the
                  | Orb.
     0 | D:1      | Reached XP level 1. HP: 10/10 MP: 7/7
    92 | D:1      | Found Inisewuf's Jewellery Boutique.
   300 | D:1      | Reached XP level 2. HP: 16/16 MP: 6/9
   303 | D:1      | Learned a level 2 spell: Blink
   306 | D:1      | Learned a level 2 spell: Call Imp
   309 | D:1      | Learned a level 2 spell: Cigotuvi's Dreadful Rot
   584 | D:1      | Reached skill level 5 in Spellcasting
   824 | D:1      | Found a faded altar of an unknown god.
  1226 | D:2      | Reached skill level 1 in Fighting
  1226 | D:2      | Reached XP level 3. HP: 10/20 MP: 1/11
  1230 | D:2      | Learned a level 3 spell: Mephitic Cloud
  1521 | D:2      | Found a hazy altar of Hepliaklqana.
  1592 | D:2      | Found Ilewk's Armour Shop.
  1652 | D:2      | Found Aloyxiq's Assorted Antiques.
  1676 | D:2      | Bought a scroll labelled HIC JOSYKH for 28 gold pieces
  1676 | D:2      | Bought a scroll labelled HIM GEKOFARI for 28 gold pieces
  1950 | D:2      | Found Kamiz's Antique Armour Boutique.
  1952 | D:2      | Found Seeheax's Antique Weapon Boutique.
  2029 | D:2      | Reached XP level 4. HP: 12/25 MP: 5/13
  2104 | D:2      | Found Xodag's Book Emporium.
  2590 | D:3      | Found Pyentuit's Assorted Antiques.
  2631 | D:3      | Found an ancient bone altar of Kikubaaqudgha.
  2633 | D:3      | Bought a scroll labelled EPHEAMUTIE for 29 gold pieces
  2762 | D:3      | Got Ponwan's Discourse on the Iceberg
  3135 | D:4      | Noticed a scorpion
  3155 | D:4      | Found a sacrificial altar of Ru.
  3415 | D:4      | Noticed Natasha
  3432 | D:4      | Killed Natasha
  3433 | D:4      | Reached XP level 5. HP: 10/30 MP: 8/14
  3563 | D:4      | Identified the +2 ring mail of Resonant Liberty {Harm}
  3567 | D:4      | Noticed a hornet
  3577 | D:4      | Gained mutation: You have large cloven feet. [potion of
                  | mutation]
  3577 | D:4      | Gained mutation: You are vulnerable to cold. (rC-) [potion
                  | of mutation]
  3577 | D:4      | Gained mutation: You are strong-willed. (Will+) [potion of
                  | mutation]
  3585 | D:4      | Quit the game

Illustrated notes

Levels and vault maps discovered:
D:1:      kennysheep_arrival_seaside, layout_basic,
          nicolae_ecumenical_snake_handling, serial_shops, shop
D:2:      layout_loops_ring, serial_shops, nicolae_shop_trees, shop,
          shop_fountains, shop, nicolae_shop_overgrown_old_shop, basic_altar,
          kennysheep_generic_room_9
D:3:      layout_rooms, lemuel_crystal_altar, serial_shops,
          nicolae_shop_tiny_real_fake_doors, chequers_serial_rivers_small_b,
          kennysheep_big_empty_room, serial_bayou_pond_a
D:4:      layout_loops_ring, mainiacjoe_overflow_six_doors_small,
          mainiacjoe_overflow_catch_the_wave, minmay_manual_mail, uniq_natasha

Skill      XL: |  1  2  3  4 |
---------------+-------------+-----
Spellcasting   | 5 |  5.3
Fighting       | 1 2 |  2.1
Conjurations   | 2 3 |  3.8
Dodging        | |  2.9
Stealth        | |  2.4
Summonings     | |  1.1
Translocations | |  1.1

Action                     |  1- 3 |  4- 6 || total
---------------------------+-------+-------++-------
  Melee: Trident           |       |    18 ||    18
         Punch             |       |     3 ||     3
         Unarmed           |       |     5 ||     5
   Cast: Magic Dart        |    94 |    67 ||   161
         Call Imp          |     2 |     5 ||     7
         Mephitic Cloud    |       |     1 ||     1
    Use: Potion            |     1 |     3 ||     4
         Scroll            |     1 |     9 ||    10
 Armour: Robe              |    16 |    30 ||    46
         Skin              |       |    21 ||    21
  Dodge: Dodged            |    21 |    42 ||    63

Table legend: (Time is in decaauts)
 A = Elapsed time spent in this place.
 B = Non-inter-level travel time spent in this place.
 C = Inter-level travel time spent in this place.
 D = Time resting spent in this place.
 E = Time spent auto-exploring this place.
 F = Levels seen in this place.
 G = Mean time per level.
                   A        B        C        D        E       F      G
               +--------+--------+--------+--------+--------+-----+--------+
         Total |   3595 |   3510 |     85 |     93 |   2951 |   4 |  898.8 |
       Dungeon |   3595 |   3510 |     85 |     93 |   2951 |   4 |  898.8 |
               +--------+--------+--------+--------+--------+-----+--------+

Top non-repeatable levels by time:
     D:2: 1213 daAuts
     D:1: 1146 daAuts
     D:3: 799 daAuts
     D:4: 435 daAuts
